 Dungeon Crawl Stone Soup version 0.29.1-12-g30fa7ad0bf (webtiles) character file.

Game seed: 53474507974772916

237 tkbsonic5 the Grasshopper (level 5, -2/26 HPs)
             Began as a Spriggan Warper on Jan 8, 2023.
             Slain by an orc priest
             ... wielding a +0 flail
              (7 damage)
             ... on level 3 of the Dungeon.
             The game lasted 00:11:35 (2514 turns).

tkbsonic5 the Grasshopper (Spriggan Warper)         Turns: 2514, Time: 00:11:35

Health: -2/26      AC:  2    Str:  7    XL:     5   Next: 77%
Magic:  11/11      EV: 18    Int: 15    God:
Gold:   188        SH:  0    Dex: 16    Spells: 0/11 levels left

rFire   . . .      SeeInvis +   l - +2 dagger (speed)
rCold   . . .      Faith    .   (no shield)
rNeg    . . .      Spirit   .   b - +0 robe
rPois   .          Reflect  .   (helmet restricted)
rElec   .          Harm     .   (no cloak)
rCorr   .          Rampage  .   (gloves unavailable)
Will    +....      Clarity  +   (boots unavailable)
Stlth   +++.......              (no amulet)
HPRegen 0.08/turn               (no ring)
MPRegen 0.12/turn               (no ring)

@: very quick
A: very small, no large weapons, unfitting armour, see invisible, speed 3,
hooves 2, clarity, strong-willed 1
a: no special abilities


You were on level 3 of the Dungeon.
You visited 1 branch of the dungeon, and saw 3 of its levels.

You collected 188 gold pieces.

Inventory:

Hand Weapons
 a - a +0 short sword
 l - a +2 dagger of speed (weapon)
Missiles
 d - 3 boomerangs of dispersal (quivered)
Armour
 b - a +0 robe (worn)
Magical Staves
 q - a staff of earth
Jewellery
 m - an amulet of magic regeneration
Wands
 p - a wand of paralysis (6)
Scrolls
 c - 2 scrolls of blinking
 e - 2 scrolls of identify
 f - a scroll of torment {unknown}
 g - 2 scrolls of enchant weapon
 h - a scroll of noise {unknown}
 j - a scroll of poison {unknown}
 n - a scroll of vulnerability {unknown}
 t - 3 scrolls of teleportation {unknown}
 u - a scroll of immolation {unknown}
Potions
 i - a potion of flight {unknown}
 k - a potion of berserk rage {unknown}
 s - a potion of haste {unknown}
 v - 3 potions of curing


   Skills:
 * Level 2.3 Fighting
 + Level 3.2 Short Blades
 + Level 1.5 Throwing
 + Level 4.0 Dodging
 * Level 3.6 Stealth
 * Level 3.9 Spellcasting
 * Level 5.5 Translocations
 + Level 1.4 Evocations


You couldn't memorise any spells.
You knew the following spells:

 Your Spells              Type           Power      Damage    Failure   Level
a - Blink                 Tloc           38%        N/A       2%          2
b - Teleport Other        Tloc           19%        N/A       5%          3
c - Gell's Gravitas       Tloc           19%        N/A       5%          3
d - Lesser Beckoning      Tloc           19%        N/A       5%          3

Your spell library contained the following spells:

 Spells                   Type           Power      Damage    Failure   Level
 Manifold Assault         Tloc           19%        N/A       45%         5


Dungeon Overview and Level Annotations

Branches:
Dungeon (3/15)

Altars:


Innate Abilities, Weirdness & Mutations

You are very small and have problems with some larger weapons.
You are too small for most types of armour.
You have supernaturally acute eyesight. (SInv)
You cover ground extremely quickly. (Speed+++)
You have hoof-like feet.
You possess an exceptional clarity of mind.
You are strong-willed. (Will+)


Message History

The orc is heavily wounded.
Okay, then.
You kill the orc!
Your Dodging skill increases to level 4!
You throw a poisoned dart.
The poisoned dart barely misses the orc.
You throw a poisoned dart. The poisoned dart hits the orc.
The orc is poisoned.
You throw a curare-tipped dart.
The curare-tipped dart barely misses the orc.
The curare-tipped dart barely misses the orc priest.
You throw a curare-tipped dart.
The curare-tipped dart closely misses the orc.
The curare-tipped dart barely misses the orc priest.
You throw a curare-tipped dart. The curare-tipped dart hits the orc.
The orc looks even sicker.
The orc convulses.
You kill the orc!
You throw a curare-tipped dart.
The curare-tipped dart closely misses the orc priest.
The orc priest hits you with a +0 flail.
You closely miss the orc priest. Your kick misses the orc priest.
You closely miss the orc priest. The orc priest misses you.
You hit the orc priest but do no damage.
You hit the orc priest.
You kick the orc priest, but do no damage.
The orc priest is moderately wounded.
The orc priest hits you with a +0 flail!
You hit the orc priest.
You kick the orc priest, but do no damage.
The orc priest is heavily wounded.
The orc priest calls down the wrath of Beogh upon you.
Beogh smites you!
* * * LOW HITPOINT WARNING * * *
Throw: 4 boomerangs (disperse)
Press: ? - help, Q - select action, (/) - cycle Shift-Dir - straight line, f/p - orc priest
Aim: an orc priest, wielding a +0 flail and wearing a +0 ring mail (heavily wounded, 64% to hit)
You throw a boomerang of dispersal.
The boomerang of dispersal hits the orc priest but does no damage.
The orc priest is heavily wounded.
The orc priest hits you with a +0 flail!
You die...

##############
#.............
#.############
#.#....†....#
#.#.#######.#
###########.#.# #.#
#((...o@....#.# #.#
#(###########.# #.#
#.# #####.# #.#
.........:...##...#.#
#.#
######?(.o.o.##...#.#
#.# #..(..?.##...#.#
#.# #........+...'.#
#.# #.#.....##...###
#.# .. ...........#
#.#


You could see an orc priest.

Vanquished Creatures
  Sigmund (D:2)
  An adder (D:2)
  A worm (D:2)
  A dart slug (D:1)
  2 orcs (D:3)
  3 endoplasms
  A giant cockroach (D:1)
  9 goblins
  7 hobgoblins (D:2)
  5 ball pythons (D:1)
  9 bats
  A frilled lizard (D:2)
  5 kobolds
  A rat (D:1)
47 creatures vanquished.

Notes
Turn   | Place    | Note
-------+----------+-------------------------------------------
     0 | D:1      | tkbsonic5 the Spriggan Warper began the quest for the Orb.
     0 | D:1      | Reached XP level 1. HP: 10/10 MP: 5/5
   171 | D:1      | Reached skill level 1 in Stealth
   296 | D:1      | Reached XP level 2. HP: 14/14 MP: 6/6
   640 | D:1      | Learned a level 2 spell: Blink
   670 | D:1      | Found a faded altar of an unknown god.
  1303 | D:2      | Reached XP level 3. HP: 18/18 MP: 8/8
  1307 | D:2      | Learned a level 3 spell: Teleport Other
  1475 | D:2      | Gained mutation: You possess an exceptional clarity of
                  | mind. [potion of mutation]
  1475 | D:2      | Gained mutation: You are strong-willed. (Will+) [potion of
                  | mutation]
  1475 | D:2      | Gained mutation: You have large cloven feet. [potion of
                  | mutation]
  1475 | D:2      | Gained mutation: You have hoof-like feet. [potion of
                  | mutation]
  1487 | D:2      | Noticed Sigmund
  1507 | D:2      | Killed Sigmund
  1508 | D:2      | Reached skill level 5 in Translocations
  1508 | D:2      | Reached skill level 1 in Evocations
  1508 | D:2      | Reached XP level 4. HP: 21/23 MP: 8/10
  1508 | D:2      | Reached XP level 5. HP: 24/26 MP: 8/11
  1703 | D:2      | Learned a level 3 spell: Gell's Gravitas
  1707 | D:2      | Learned a level 3 spell: Lesser Beckoning
  2514 | D:3      | Slain by an orc priest

Illustrated notes

Levels and vault maps discovered:
D:1:      amcnicky_arrival_underground_garden, layout_loops_ring, serial_glass,
          glass_columns_a, glass_columns_b, item_on_display_a,
          basic_ecumenical_altar, chequers_serial_rivers_small_b,
          minmay_pentomino_z4
D:2:      cheibrodos_greedy_goblins, layout_basic, grunt_ministairs_10,
          uniq_sigmund
D:3:      layout_basic

Skill      XL: |  1  2  3  4  5 |
---------------+----------------+-----
Stealth        | 1 2 3 |  3.6
Spellcasting   | 3 |  3.9
Fighting       | 2 |  2.3
Short Blades   | 3 |  3.2
Translocations | 5 |  5.5
Evocations     | 1 |  1.4
Dodging        | 4 |  4.0
Throwing       | |  1.5

Action                   |  1- 3 |  4- 6 || total
-------------------------+-------+-------++-------
Melee: Short sword       |   106 |       ||   106
       Dagger            |     2 |    21 ||    23
       Kick              |     1 |     6 ||     7
       Punch             |       |     1 ||     1
Throw: Dart              |    11 |    30 ||    41
       Boomerang         |     2 |     2 ||     4
Evoke: Wand              |     2 |       ||     2
  Use: Scroll            |     3 |       ||     3
       Potion            |     3 |       ||     3
 Stab: Distracted        |     1 |       ||     1
       Paralysed         |     3 |       ||     3
       Sleeping          |       |     3 ||     3
Armor: Robe              |    18 |     2 ||    20
Dodge: Dodged            |   110 |    10 ||   120
